 Dungeon Crawl Stone Soup version 0.27-a0-1194-g35abcb9 (webtiles) character file.

Game seed: 9750202001313069296

111 2tousent the Vexing (level 4, 0/30 HPs)
             Began as a Demonspawn Enchanter on May 26, 2021.
             Slain by an orc wizard
             ... wielding a +0 dagger
              (3 damage)
             ... in the Ecumenical Temple.
             The game lasted 00:09:05 (4814 turns).

2tousent the Vexing (Demonspawn Enchanter)          Turns: 4814, Time: 00:09:06

Health: 0/30       AC:  7    Str:  7 (8)  XL:     4   Next: 62%
Magic:  2/7        EV: 12    Int: 13 (16) God:
Gold:   120        SH:  0    Dex: 12 (15) Spells: 4/7 levels left

rFire    . . .     SeeInvis .   a - +1 dagger
rCold    . . .     Faith    .   (no shield)
rNeg     . . .     Spirit   .   b - +0 robe
rPois    .         Reflect  .   g - +0 helmet
rElec    .         Harm     .   (no cloak)
rCorr    .         Rampage  .   (no gloves)
Will     .....                  e - +1 pair of boots
Stlth    +.........             (no amulet)
HPRegen  0.10/turn              (no ring)
MPRegen  0.10/turn              (no ring)

@: confused
A: icy blue scales 1
a: no special abilities


You were in the Ecumenical Temple.
You visited 2 branches of the dungeon, and saw 5 of its levels.

You collected 120 gold pieces.

Inventory:

Hand Weapons
 a - a +1 dagger (weapon)
Armour
 b - a +0 robe (worn)
 e - a +1 pair of boots (worn)
 g - a +0 helmet (worn)
Wands
 l - a wand of iceblast (6)
Scrolls
 j - a scroll of teleportation


   Skills:
 * Level 2.4 Short Blades
 + Level 2.3 Dodging
 + Level 3.2 Stealth
 - Level 2.0 Spellcasting
 * Level 3.9 Hexes


You had 4 spell levels left.
You knew the following spells:

 Your Spells              Type           Power      Damage    Failure   Level
a - Corona                Hex            12%        N/A       4%          1
b - Ensorcelled Hibernat  Hex/Ice        12%        N/A       17%         2

Your spell library contained the following spells:

 Spells                   Type           Power      Damage    Failure   Level
 Confusing Touch          Hex            11%        N/A       16%         3
 Tukima's Dance           Hex            11%        N/A       16%         3
 Beastly Appendage        Tmut           2%         N/A       26%         1
 Dazzling Flash           Conj/Hex       12%        N/A       34%         3
 Wereblood                Tmut           1%         N/A       36%         2
 Spider Form              Tmut/Pois      0%         N/A       58%         3
 Ice Form                 Ice/Tmut       1%         N/A       94%         4
 Hydra Form               Tmut           0%         N/A       100%        5


Dungeon Overview and Level Annotations

Branches:
Dungeon (4/15)             Temple (1/1) D:4

Altars:
Okawaru


Innate Abilities, Weirdness & Mutations

You are partially covered in icy blue scales. (AC +2)


Message History

Aiming: Corona (safe; 4% risk of failure)
Press: ? - help, Shift-Dir - straight line You miscast Corona.
You are very lightly contaminated with residual magic.
Nothing appears to happen.
Something hits you but does no damage.
You closely miss something. Something hits you.
* * * LOW HITPOINT WARNING * * *
You miss something. Something hits you.
* * * LOW HITPOINT WARNING * * *
You miss something.
You feel less attractive to monsters.
You closely miss something.
You hear some strange, mumbled words.
You are confused.
You bump into the stone wall.
You hear some strange, mumbled words.
Something tries to affect you, but you resist.
You hear some strange, mumbled words.
A puff of flame appears from out of thin air!
The puff of flame misses you.
You hit something.
You hear some strange, mumbled words.
You are more confused.
Your magical contamination has completely faded away.
Something hits you but does no damage.
You're too confused to cast spells.
Unknown command.
Something barely misses you.
There is a staircase back to the Dungeon here.
Something hits you but does no damage.
You hear some strange, mumbled words.
You are more confused.
Something hits you but does no damage.
There is a staircase back to the Dungeon here.
You hear some strange, mumbled words.
A puff of flame appears from out of thin air!
The puff of flame misses you.
There is a staircase back to the Dungeon here.
You hit something but do no damage. Something hits you but does no damage.
You closely miss something. Something hits you.
You die...

##########
#........#
#........#
#...{@...#
##.......#
##......#
#+#....#
##...#
#####


There were no monsters in sight!

Vanquished Creatures
  3 adders (D:2)
  2 worms (D:3)
  A dart slug (D:2)
  7 orcs
  3 bats
  2 endoplasms
  3 giant cockroaches
  5 goblins
  3 hobgoblins
  7 jackals
  8 kobolds
  3 quokkas
  10 ball pythons
  2 frilled lizards
  6 rats
65 creatures vanquished.

Vanquished Creatures (others)
  15 fungi (D:1)
  2 plants (D:1)
17 creatures vanquished.

Grand Total: 82 creatures vanquished

Notes
Turn   | Place    | Note
-------+----------+-------------------------------------------
     0 | D:1      | 2tousent the Demonspawn Enchanter began the quest for the
                  | Orb.
     0 | D:1      | Reached XP level 1. HP: 13/13 MP: 3/3
    32 | D:1      | Reached skill level 1 in Short Blades
   930 | D:1      | Gained mutation: You are partially covered in icy blue
                  | scales. (AC +2) [demonic ancestry]
   930 | D:1      | Reached XP level 2. HP: 19/19 MP: 5/5
   947 | D:1      | Learned a level 2 spell: Ensorcelled Hibernation
  1624 | D:1      | Found a faded altar of an unknown god.
  1939 | D:2      | Reached XP level 3. HP: 24/24 MP: 6/6
  2185 | D:2      | Found an iron altar of Okawaru.
  2704 | D:2      | Reached XP level 4. HP: 30/30 MP: 7/7
  4730 | D:4      | Found a staircase to the Ecumenical Temple.
  4757 | Temple   | Entered the Ecumenical Temple
  4814 | Temple   | Slain by an orc wizard

Illustrated notes

Levels and vault maps discovered:
D:1:      scummos_arrival_checkerplants, layout_loops_ring, serial_forest,
          infiniplex_forest_clump_cross, infiniplex_forest_corner_1,
          infiniplex_forest_straight_2, infiniplex_forest_zigzag_1,
          infiniplex_forest_clump_diagonal, infiniplex_forest_lined_room_2,
          infiniplex_forest_split, infiniplex_forest_corner_1,
          infiniplex_forest_clump_medium, ebering_ecumenical_altar_rust
D:2:      layout_basic, basic_altar
D:3:      layout_basic
D:4:      layout_basic, minmay_temple_entry_drinking_statues, serial_shops,
          nicolae_shop_competitors_out_of_business, shop, shop,
          nicolae_shop_window_shopping, nicolae_shop_behind_doors
Temple:   regret_index_temple_generic_petals

Skill      XL: |  1  2  3 |
---------------+----------+-----
Short Blades   | 1 2 |  2.4
Dodging        | 2 |  2.3
Stealth        | 3 |  3.2
Spellcasting   | |  2.0
Hexes          | |  3.9

Action                   |  1- 3 |  4- 6 || total
-------------------------+-------+-------++-------
Melee: Dagger            |   251 |   191 ||   442
 Cast: Ensorcelled Hiber |     2 |    17 ||    19
       Corona            |       |     3 ||     3
  Use: Potion            |       |     5 ||     5
       Scroll            |       |     4 ||     4
 Stab: Sleeping          |    10 |     5 ||    15
Armor: Robe              |    87 |    72 ||   159
Dodge: Dodged            |   162 |    84 ||   246

Table legend: (Time is in decaauts)
 A = Elapsed time spent in this place.
 B = Non-inter-level travel time spent in this place.
 C = Inter-level travel time spent in this place.
 D = Time resting spent in this place.
 E = Time spent auto-exploring this place.
 F = Levels seen in this place.
 G = Mean time per level.
                   A        B        C        D        E       F      G
               +--------+--------+--------+--------+--------+-----+--------+
         Total |   4773 |   4651 |    122 |    400 |   3407 |   5 |  954.6 |
       Dungeon |   4720 |   4598 |    122 |    400 |   3407 |   4 | 1180.0 |
        Temple |     52 |     52 |      0 |      0 |      0 |   1 |   52.0 |
               +--------+--------+--------+--------+--------+-----+--------+

Top non-repeatable levels by time:
     D:1: 1913 daAuts
     D:3: 1422 daAuts
     D:2: 1235 daAuts
     D:4: 149 daAuts
  Temple: 52 daAuts
